AoeStats
← [HOBO]Drifter

Lombardia

510220103Analyzed
4v4 RM · 3d ago on Sep 30, 2026· 62m 26s· 8 players
Game mode
Random Map
Map size
Large (8 player)
Population
200
Speed
Normal
Resources
Standard
Victory
Conquest
Starting age
Dark Age
Ending age
Imperial Age
RankedLock teamsTeams togetherTeam positionsShared explorationLock speedFull tech treeHidden civsTurbo modeCheats
Victory
Defeat
🇨🇳 Inca · China
1324
+14
🇺🇸 Ethiopians · United States
1315
+14
🇹🇼 Magyars · Taiwan
1295
+15
🇹🇼 Wei · Taiwan
1238
+16
🇺🇸 Goths · United States
1321
-17
🇺🇸 Saracens · United States
1301
-16
🇺🇸 Poles · United States
1232
-13
🇺🇸 Vikings · United States
1219
-13
iamjhing
7:39 Loom
9:55 Feudal Age
10:29 Double-Bit Axe
10:28 Horse Collar
17:07 Wheelbarrow
17:59 Gold Mining
22:23 Castle Age
20:55 Stone Mining
21:23 Bloodlines
21:20 Scale Barding Armor
24:20 Forging
24:31 Chain Barding Armor
26:23 Iron Casting
28:36 Bow Saw
31:08 Town Watch
31:38 Hand Cart
36:36 Imperial Age
34:12 Scale Mail Armor
35:25 Chain Mail Armor
35:53 Squires
35:41 Arson
36:50 Elite Obuch
38:13 Plate Mail Armor
38:12 Conscription
38:14 Heavy Plow
39:49 Blast Furnace
47:14 Light Cavalry
47:55 Husbandry
47:48 Fletching
48:52 Lechitic Legacy
49:08 Hoardings
49:30 Caravan
50:27 Crop Rotation
49:46 Winged Hussar
Lion Heart
11:05 Feudal Age
14:49 Castle Age
13:13 Double-Bit Axe
15:59 Bow Saw
20:38 Horse Collar
22:31 Wheelbarrow
22:14 Heavy Plow
23:53 Hand Cart
23:55 Gold Mining
23:55 Stone Mining
29:36 Imperial Age
26:55 Loom
27:21 Scale Mail Armor
27:31 Forging
27:10 Pikeman
27:54 Anarchy
28:21 Chain Mail Armor
28:08 Squires
29:31 Iron Casting
29:45 Halberdier
32:24 Blast Furnace
34:08 Elite Huskarl
35:21 Conscription
36:15 Perfusion
37:39 Caravan
37:46 Fletching
37:56 Padded Archer Armor
39:26 Bodkin Arrow
45:29 Two-Man Saw
45:08 Bracer
45:50 Heavy Scorpion
47:33 Chemistry
46:53 Ballistics
MR.ROBOT
11:09 Feudal Age
12:30 Double-Bit Axe
16:22 Castle Age
18:22 Bow Saw
21:04 Horse Collar
22:35 Heavy Plow
24:02 Gold Mining
24:03 Stone Mining
24:45 Padded Archer Armor
25:31 Fletching
26:37 Gold Shaft Mining
26:24 Crossbowman
27:00 Bodkin Arrow
28:06 Leather Archer Armor
35:53 Imperial Age
33:40 Caravan
37:35 Chemistry
36:59 Ballistics
36:11 Arbalester
38:08 Conscription
37:56 Bracer
39:51 Two-Man Saw
39:16 Bogsveigar
45:23 Ring Archer Armor
48:41 Masonry
48:37 Siege Engineers
48:44 Forging
48:34 Scale Mail Armor
48:38 Bogsveigar
51:06 Murder Holes
51:41 Architecture
51:00 Arrowslits
51:52 Iron Casting
55:49 Guard Tower
[Kpell] AdrianLeverkuhn
4:57 Loom
10:40 Feudal Age
11:19 Double-Bit Axe
13:24 Wheelbarrow
16:27 Horse Collar
20:08 Castle Age
18:37 Gold Mining
20:32 Stone Mining
21:16 Bow Saw
22:54 Town Watch
24:14 Heavy Plow
24:53 Gold Shaft Mining
25:59 Forging
26:16 Bloodlines
26:20 Husbandry
27:35 Scale Barding Armor
30:02 Chain Barding Armor
31:33 Iron Casting
33:17 Hand Cart
37:13 Imperial Age
35:49 Arson
37:34 Town Patrol
38:35 Plate Barding Armor
37:31 Elite Mameluke
40:33 Blast Furnace
39:02 Onager
41:21 Conscription
41:12 Siege Engineers
42:27 Fortified Wall
43:58 Bimaristan
43:41 Siege Onager
45:37 Caravan
48:43 Hoardings
48:45 Ballistics
52:15 Chemistry
55:15 Two-Man Saw
56:45 Fletching
57:08 Masonry
[HOBO]Drifter
3:19 Loom
3:43 Loom
11:24 Feudal Age
16:12 Castle Age
14:21 Double-Bit Axe
14:18 Horse Collar
16:55 Fletching
19:40 Bow Saw
21:30 Heavy Plow
22:54 Wheelbarrow
23:12 Crossbowman
23:57 Bodkin Arrow
24:51 Gold Mining
27:12 Hand Cart
27:36 Ballistics
27:53 Padded Archer Armor
33:19 Imperial Age
31:52 Stone Mining
35:17 Two-Man Saw
34:53 Gold Shaft Mining
34:34 Onager
36:15 Scale Mail Armor
36:25 Forging
35:39 Elite Shotel Warrior
36:40 Conscription
38:53 Siege Onager
42:03 Chain Mail Armor
43:39 Plate Mail Armor
43:44 Iron Casting
48:43 Royal Heirs
51:36 Masonry
51:31 Siege Engineers
53:32 Light Cavalry
54:13 Husbandry
54:22 Caravan
56:32 Torsion Engines
62:08 Blast Furnace
62:11 Chemistry
61:42 Architecture
藥膏
6:36 Loom
8:57 Feudal Age
11:05 Double-Bit Axe
12:21 Horse Collar
20:46 Castle Age
21:47 Bow Saw
21:39 Heavy Plow
21:31 Gold Mining
22:20 Bloodlines
22:12 Husbandry
23:54 Wheelbarrow
26:10 Scale Barding Armor
28:16 Hand Cart
30:02 Chain Barding Armor
35:16 Imperial Age
33:25 Gold Shaft Mining
32:40 Stone Mining
32:38 Town Watch
35:20 Cavalier
36:37 Plate Barding Armor
37:04 Two-Man Saw
36:40 Paladin
39:54 Conscription
44:20 Chemistry
43:41 Ballistics
43:27 Siege Engineers
43:18 Murder Holes
43:34 Masonry
44:46 Caravan
45:17 Coinage
48:14 Light Cavalry
51:48 Hussar
57:48 Banking
mothersky
2:02 Loom
11:12 Feudal Age
16:11 Castle Age
14:05 Double-Bit Axe
15:32 Horse Collar
17:23 Bow Saw
17:38 Bloodlines
17:36 Husbandry
21:48 Forging
24:32 Scale Barding Armor
27:07 Gold Mining
27:56 Wheelbarrow
29:19 Iron Casting
30:55 Gold Shaft Mining
33:33 Chain Barding Armor
36:44 Imperial Age
35:54 Heavy Plow
36:13 Fletching
36:24 Padded Archer Armor
38:17 Ballistics
37:30 Heavy Hei Guang Cavalry
39:47 Blast Furnace
39:35 Bodkin Arrow
40:27 Leather Archer Armor
42:10 Chemistry
42:17 Bracer
46:43 Ring Archer Armor
53:18 Light Cavalry
57:16 Caravan
58:14 Coinage
Eiiisckhan
10:44 Feudal Age
9:01 Loom
16:40 Castle Age
15:19 Double-Bit Axe
17:06 Wheelbarrow
17:48 Bow Saw
18:51 Town Watch
24:56 Horse Collar
25:09 Gold Mining
30:48 Imperial Age
29:27 Scale Mail Armor
29:38 Forging
30:02 Hand Cart
30:02 Squires
33:17 Chain Mail Armor
33:25 Conscription
33:53 Gold Shaft Mining
33:19 Heavy Plow
33:10 Stone Mining
32:47 Elite Kamayuk
33:54 Conscription
35:24 Chemistry
34:44 Ballistics
34:30 Siege Engineers
35:02 Iron Casting
34:30 Padded Archer Armor
35:33 Andean Sling
34:59 Elite Skirmisher
35:45 Thumb Ring
35:48 Onager
36:22 Fletching
37:04 Plate Mail Armor
36:43 Thumb Ring
36:04 Elite Skirmisher
39:30 Leather Archer Armor
39:12 Bodkin Arrow
40:18 Blast Furnace
40:40 Fabric Shields
46:57 Bracer
47:28 Ring Archer Armor
47:10 Masonry
46:48 Arrowslits
49:56 Crop Rotation
50:02 Stone Shaft Mining
53:59 Caravan
Connection lost

Rejoining the realm…

Still unreachable

The connection could not be restored.

Session expired

The server has moved on; the page needs a fresh start.